 Dungeon Crawl Stone Soup version 0.30-a0-341-g682706514a (webtiles) character file.

Game seed: 9091392039954313660

5527 Ijustatesigmund the Conjurer (level 10, -6/74 HPs)
             Began as a Demonspawn Fire Elementalist on Nov 4, 2022.
             Was a Believer of Makhleb.
             Killed from afar by a rime drake (28 damage)
             ... with an icy flash freeze
             ... on level 9 of the Dungeon.
             The game lasted 00:21:23 (10058 turns).

Ijustatesigmund the Conjurer (DsFE)                Turns: 10058, Time: 00:21:23

Health: -6/74      AC:  6    Str:  8    XL:     10   Next: 43%
Magic:  19/19      EV: 17    Int: 20    God:    Makhleb [**....]
Gold:   514        SH:  0    Dex: 15    Spells: 8/21 levels left

rFire   . . .      SeeInvis .    k - +10 flail of Fixation {pain, rN+}
rCold   . . .      Faith    .    (no shield)
rNeg    + + .      Spirit   .    a - +1 robe
rPois   .          Reflect  .    (no helmet)
rElec   .          Harm     .    p - +2 cloak
rCorr   .          Rampage  .    (gloves unavailable)
Will    .....                    (no boots)
Stlth   ++........               u - amulet of regeneration
HPRegen 1.12/turn                j - +4 ring of evasion
MPRegen 0.32/turn                v - ring of positive energy

@: about to teleport
A: powered by pain 1, magic regeneration, demonic touch 3
a: Renounce Religion, Minor Destruction


You were on level 9 of the Dungeon.
You worshipped Makhleb.
Makhleb was pleased with you.
You visited 2 branches of the dungeon, and saw 11 of its levels.
You also visited: Sewer.

You collected 649 gold pieces.
You spent 135 gold pieces at shops.

Inventory:

Hand Weapons
 c - a +1 demon whip of venom
 k - the +10 flail of Fixation (weapon) {pain, rN+}
   (You found it on level 6 of the Dungeon)

   In the hands of one skilled in necromantic magic, it inflicts extra damage on
   living creatures.
   rN:        It protects you from negative energy.
 o - a +1 lajatang
Missiles
 q - 2 throwing nets
Armour
 a - a +1 robe (worn)
 p - a +2 cloak (worn)
Jewellery
 j - a +4 ring of evasion (left hand)
 s - a +4 ring of protection
 u - an amulet of regeneration (around neck)
 v - a ring of positive energy (right hand)
 w - a ring of ice
Wands
 x - a wand of flame (32)
 y - a wand of digging (9)
 F - a wand of paralysis (4)
Scrolls
 d - a scroll of poison {unknown}
 h - 4 scrolls of teleportation
 i - a scroll of torment {unknown}
 m - a scroll of magic mapping
 n - 2 scrolls of amnesia
 t - a scroll of immolation {unknown}
 C - 2 scrolls of identify
 D - a scroll of enchant armour
 E - a scroll of fog
Potions
 b - a potion of magic
 e - 2 potions of might
 f - 2 potions of cancellation
 g - 3 potions of haste
 l - a potion of brilliance
 r - 5 potions of curing
 z - a potion of flight
 A - a potion of berserk rage {unknown}
 B - 3 potions of lignification {unknown}
 H - a potion of ambrosia {unknown}


   Skills:
 - Level 5.2 Fighting
 - Level 3.4(3.6) Maces & Flails
 - Level 1.3(2.5) Staves
 - Level 1.8 Armour
 - Level 2.7 Dodging
 - Level 1.7 Stealth
 - Level 6.3 Spellcasting
 - Level 7.1 Conjurations
 - Level 7.1 Fire Magic
 + Level 1.5 Earth Magic
 + Level 7.1 Invocations
 + Level 1.7 Evocations


You had 8 spell levels left.
You knew the following spells:

 Your Spells              Type           Power      Damage    Failure   Level
a - Foxfire               Conj/Fire      100%       2x1d9     1%          1
b - Scorch                Fire           68%        2d8       1%          2
c - Flame Wave            Conj/Fire      34%        2d10      5%          4
d - Iron Shot             Conj/Erth      11%        9d3       95%         6

Your spell library contained the following spells:

 Spells                   Type           Power      Damage    Failure   Level
 Dazzling Flash           Conj/Hex       40%        N/A       7%          3
 Hailstorm                Conj/Ice       20%        3d6       7%          3
 Inner Flame              Hex/Fire       20%        N/A       7%          3
 Apportation              Tloc           12%        N/A       10%         1
 Beastly Appendage        Tmut           12%        N/A       10%         1
 Freeze                   Ice            24%        1d4       10%         1
 Kindle Blastsparks       Fire/Tloc/Air  30%        2d12      12%         3
 Wereblood                Tmut           6%         N/A       16%         2
 Frozen Ramparts          Ice            12%        1d2       30%         3
 Gell's Gravitas          Tloc           6%         N/A       30%         3
 Portal Projectile        Hex/Tloc       12%        N/A       30%         3
 Spider Form              Tmut/Pois      6%         N/A       30%         3
 Teleport Other           Tloc           6%         N/A       30%         3
 Vhi's Electric Charge    Tloc/Air       12%        N/A       30%         3
 Agony                    Necr           6%         N/A       95%         5
 Silence                  Hex/Air        3%         N/A       95%         5
 Dispersal                Tloc           3%         N/A       100%        6


Dungeon Overview and Level Annotations

Branches:
Dungeon (10/15)            Temple (1/1) D:5           Sewer (visited)
   Lair: D:8-11         Orc: D:9-12

Altars:
Cheibriados
Dithmenos
Fedhas
Gozag
Hepliaklqana
Kikubaaqudgha
Makhleb
Nemelex Xobeh
Okawaru
Qazlal
Ru
Sif Muna
Trog
Vehumet
Wu Jian
Xom
Yredelemnul

Shops:
D:1 *((   D:2 [=   D:5 *   D:6 :


Innate Abilities, Weirdness & Mutations

You sometimes gain a little power by taking damage.
You regenerate magic rapidly.
Your touch may irresistibly damage your foes and sap their willpower.


Message History

Your touch misses the ice beast.
You hear a shout! x2
The ice beast hits you. The ice beast freezes you!
You are too injured to fight recklessly!
You are too injured to fight recklessly!
You are too injured to fight recklessly!
You are too injured to fight recklessly!
You are too injured to fight recklessly!
You are too injured to fight recklessly!
You are too injured to fight recklessly!
You are too injured to fight recklessly!
You are too injured to fight recklessly!
Unknown command.
Casting: Foxfire (safe; 1% risk of failure)
Confirm with . or Enter, or press ? or * to list all spells.
Flames lash the orc warrior.
The orc warrior is moderately wounded.
The orc warrior's fire resistance burns away.
You hear an angry growl.
You hear a shout!
You hear an angry hiss.
An ice beast comes into view.
The orc priest invokes the aid of Beogh against you.
Beogh smites you! The ice beast hits you. The ice beast freezes you!
* * * LOW HITPOINT WARNING * * *
The ice beast hits you but does no damage.
The ice beast attacks as you move away! The ice beast completely misses you.
Things that are here:
a +0 dagger; a +0 robe; a fuming purple potion
As you read the scroll of fear, it crumbles to dust.
You assume a fearsome visage.
The ice beast looks frightened! x2
The orc warrior looks frightened!
As you read the scroll of teleportation, it crumbles to dust.
You feel strangely unstable.
The orc warrior is no longer more vulnerable to fire.
The rime drake misses you.
There is an open door here.
The rime drake attacks as you move away!
The rime drake misses you. The rime drake breathes ice at you.
The icy flash freeze hits you!!
You die...

#.......###....#
#.(............#
#........##.#).#
#....[.........###.##.
#............#........
######.......#####+##.
#.......# #.......#
#.....@.# ######'##
#k# #)# #o# #.........
#....k.... #......o..
#.Y..Y....


You could see a rime drake (catching breath) and an orc priest.

Vanquished Creatures
  Amaemon (D:8)
  Pikel (D:7)
  An orange demon (D:8)
  Joseph (D:8)
  3 yaks (D:8)
  A wyvern (D:7)
  A steam dragon (D:6)
  A water moccasin (Sewer)
  2 ice beasts
  2 black bears
  3 orc warriors
  A sky beast (D:8)
  4 centaurs
  An ogre (D:6)
  A lemure (D:7)
  Blork the orc (D:6)
  2 phantoms
  2 kobold brigands
  A necrophage (D:4)
  3 bullfrogs
  3 scorpions
  4 jellies
  4 hounds
  7 orc priests
  2 gnoll boudas
  An iguana (D:7)
  7 orc wizards
  14 gnolls
  11 adders
  A shadow imp (D:6)
  A white imp (D:8)
  4 ufetubi
  2 worms (D:2)
  33 orcs
  7 bats
  7 endoplasms
  4 giant cockroaches
  4 goblins
  13 hobgoblins
  7 jackals
  A quokka (D:2)
  6 ball pythons
  3 frilled lizards
  10 kobolds
  5 rats
194 creatures vanquished.

Vanquished Creatures (others)
  A steam dragon (D:6)
  A human (D:8)
  331 foxfires
  10 plants (D:9)
343 creatures vanquished.

Grand Total: 537 creatures vanquished

Notes
Turn   | Place    | Note
-------+----------+-------------------------------------------
     0 | D:1      | Ijustatesigmund the Demonspawn Fire Elementalist began the
                  | quest for the Orb.
     0 | D:1      | Reached XP level 1. HP: 13/13 MP: 3/3
     6 | D:1      | Found Joghukk's Assorted Antiques.
   236 | D:1      | Gained mutation: You sometimes gain a little power by
                  | taking damage. [demonic ancestry]
   236 | D:1      | Reached XP level 2. HP: 19/19 MP: 1/5
   359 | D:1      | Found Utweoppa's Antique Weapon Shop.
   519 | D:1      | Learned a level 2 spell: Scorch
   799 | D:1      | Found Raukuq's Antique Weapon Shop.
  1095 | D:2      | Reached XP level 3. HP: 24/24 MP: 0/6
  1183 | D:2      | Found Vouphel's Jewellery Shop.
  1430 | D:2      | Gained mutation: Your touch may inflict minor irresistible
                  | damage on your foes. [demonic ancestry]
  1430 | D:2      | Reached XP level 4. HP: 24/30 MP: 1/7
  2420 | D:2      | Found Fuaczevo's Antique Armour Shop.
  2556 | D:1      | Bought a red potion for 17 gold pieces
  2556 | D:1      | Bought a bubbling clear potion for 17 gold pieces
  2556 | D:1      | Bought a sapphire potion for 17 gold pieces
  2556 | D:1      | Bought a yellow potion for 17 gold pieces
  2556 | D:1      | Bought a scroll labelled FOEBLOBURO for 19 gold pieces
  2672 | D:3      | Found a faded altar of an unknown god.
  2774 | D:3      | Found a glowing drain.
  2783 | Sewer    | Entered a sewer
  2855 | Sewer    | Noticed a water moccasin
  2862 | Sewer    | Killed a water moccasin
  2863 | Sewer    | Reached XP level 5. HP: 34/35 MP: 2/9
  3406 | D:3      | Found a burning altar of Makhleb.
  3818 | D:4      | Reached XP level 6. HP: 42/42 MP: 6/10
  3852 | D:4      | Reached skill level 1 in Fighting
  4023 | D:4      | Gained mutation: Your touch may inflict irresistible damage
                  | on your foes. [demonic ancestry]
  4023 | D:4      | Reached XP level 7. HP: 46/49 MP: 8/12
  4324 | D:4      | Found a sacrificial altar of Ru.
  4361 | D:4      | Found a shimmering altar of Xom.
  4607 | D:5      | Entered Level 5 of the Dungeon
  4609 | D:5      | Found a staircase to the Ecumenical Temple.
  4639 | D:5      | Reached skill level 5 in Fire Magic
  4824 | D:5      | Got Sif Muna's Tome of Solid Transposition
  4938 | D:5      | Reached skill level 1 in Staves
  5019 | D:5      | Found a radiant altar of Vehumet.
  5287 | D:5      | Found Mudufa Bouwk's General Store.
  5307 | Temple   | Entered the Ecumenical Temple
  5515 | D:3      | Became a worshipper of Makhleb the Destroyer
  5649 | D:5      | Reached skill level 5 in Conjurations
  5649 | D:5      | Reached skill level 1 in Invocations
  5851 | D:5      | Bought a scroll of identify for 24 gold pieces
  5851 | D:5      | Bought a scroll of identify for 24 gold pieces
  5863 | D:5      | Reached XP level 8. HP: 57/57 MP: 11/14
  6210 | D:6      | Identified the +10 flail of Fixation {pain, rN+}
  6274 | D:6      | Found a bloodstained altar of Trog.
  6527 | D:6      | Found Fourphom's Book Emporium.
  6932 | D:6      | Found a shadowy altar of Dithmenos.
  6937 | D:6      | Reached skill level 1 in Maces & Flails
  7143 | D:6      | Noticed Blork the orc
  7152 | D:6      | Killed Blork the orc
  7153 | D:6      | Reached skill level 5 in Spellcasting
  7576 | D:7      | Noticed Pikel
  7593 | D:7      | Killed Pikel
  7594 | D:7      | Gained mutation: You regenerate magic rapidly. [demonic
                  | ancestry]
  7594 | D:7      | Reached XP level 9. HP: 42/65 MP: 9/16
  7885 | D:7      | Found an opulent altar of Gozag.
  8208 | D:7      | Reached * piety under Makhleb
  8397 | D:8      | Learned a level 4 spell: Flame Wave
  8460 | D:8      | Reached skill level 5 in Invocations
  8498 | D:8      | Reached skill level 5 in Fighting
  8525 | D:8      | Noticed an orange demon
  8538 | D:8      | Killed an orange demon
  8540 | D:8      | Noticed Amaemon
  8556 | D:8      | Killed Amaemon
  8557 | D:8      | Gained mutation: Your touch may irresistibly damage your
                  | foes and sap their willpower. [demonic ancestry]
  8557 | D:8      | Reached XP level 10. HP: 38/74 MP: 12/19
  8638 | D:8      | Reached skill level 1 in Armour
  8767 | D:8      | Found an ancient bone altar of Kikubaaqudgha.
  9163 | D:8      | Noticed Joseph
  9171 | D:8      | Killed Joseph
  9533 | D:8      | Found a snail-covered altar of Cheibriados.
  9783 | D:9      | Learned a level 6 spell: Iron Shot
  9866 | D:9      | Reached skill level 1 in Earth Magic
  9866 | D:9      | Reached skill level 1 in Evocations
  9971 | D:10     | Entered Level 10 of the Dungeon
 10010 | D:9      | Identified the +2 dagger "Nytupow" {vorpal, *Slow rPois
                  | Int+3}
 10047 | D:9      | Reached ** piety under Makhleb
 10058 | D:9      | Killed from afar by a rime drake

Illustrated notes

Levels and vault maps discovered:
D:1:      erik_arrival_triangle_small, layout_basic, serial_shops,
          nicolae_shop_stone, shop_coins, nicolae_shop_crystal
D:2:      layout_basic, serial_shops, shop, nicolae_diamond_shop,
          glass_columns_c
D:3:      layout_loops_cross, lemuel_coloured_pillars_altar,
          hellmonk_ecumenical_altar_run_dry, portal_sewer_entry_d
D:4:      layout_rooms, mainiacjoe_overflow_concentric_impassable,
          mainiacjoe_overflow_large_starburst, eino_tiny_chamber
D:5:      layout_cave_pods, vehumet_altar_wand_db, minmay_temple_entry_statues,
          serial_shops, shop
D:6:      layout_basic, trog_three_pillars_becter, grunt_dithmenos_shadows,
          serial_shops, nicolae_shop_statue_plus, kennysheep_small_spiral,
          uniq_blork_the_orc
D:7:      layout_loops_ring, mainiacjoe_overflow_paths, grunt_gozag_statues,
          uniq_pikel
D:8:      layout_layer_cave, amcnicky_altar_gilded, tgw_kikubaaqudgha,
          uniq_joseph, uniq_amaemon
D:9:      kennysheep_housing_project, layout_basic, kennysheep_mini_moat,
          nicolae_overflow_crystal_walls, hellmonk_lair_entry_icy
D:10:     layout_stronghold, serial_shops, nicolae_shop_overgrown_old_shop,
          solitary_fountain
Temple:   kb_temple_of_zot

Skill      XL: |  1  2  3  4  5  6  7  8  9 10 |
---------------+-------------------------------+-----
Fire Magic     | 3 4 5 6 7 |  7.1
Conjurations   | 2 3 4 5 6 7 |  7.1
Spellcasting   | 3 4 5 6 |  6.3
Fighting       | 1 2 4 5 |  5.2
Staves         | 1 |  1.3
Invocations    | 1 4 6 7 |  7.1
Maces & Flails | 1 3 |  3.4
Dodging        | 2 |  2.7
Armour         | 1 |  1.8
Earth Magic    | 1 |  1.5
Evocations     | 1 |  1.7
Stealth        | |  1.7

Action                   |  1- 3 |  4- 6 |  7- 9 | 10-12 || total
-------------------------+-------+-------+-------+-------++-------
Melee: Lajatang          |     5 |    51 |    80 |       ||   136
       Dagger            |     2 |       |       |       ||     2
       Flail             |       |       |    57 |    82 ||   139
       Touch             |       |       |    11 |    12 ||    23
       Punch             |       |       |     2 |     2 ||     4
 Fire: Sling             |    13 |       |       |       ||    13
 Cast: Foxfire           |    55 |    53 |    84 |    14 ||   206
       Scorch            |     2 |     7 |    44 |     4 ||    57
Evoke: Wand              |       |       |     4 |       ||     4
  Use: Scroll            |       |    14 |     6 |     2 ||    22
       Potion            |       |       |     7 |     1 ||     8
 Stab: Sleeping          |     1 |     4 |     3 |     1 ||     9
       Invisible         |       |       |     1 |       ||     1
       Paralysed         |       |       |     4 |       ||     4
Armor: Robe              |     6 |    29 |    58 |    39 ||   132
Dodge: Dodged            |    28 |   101 |   246 |   148 ||   523

Table legend: (Time is in decaauts)
 A = Elapsed time spent in this place.
 B = Non-inter-level travel time spent in this place.
 C = Inter-level travel time spent in this place.
 D = Time resting spent in this place.
 E = Time spent auto-exploring this place.
 F = Levels seen in this place.
 G = Mean time per level.
                   A        B        C        D        E       F      G
               +--------+--------+--------+--------+--------+-----+--------+
         Total |  10150 |   9541 |    609 |   1126 |   6751 |  12 |  845.8 |
       Dungeon |   9813 |   9220 |    593 |   1098 |   6514 |  10 |  981.3 |
        Temple |    108 |     92 |     16 |      0 |     87 |   1 |  108.0 |
         Sewer |    227 |    227 |      0 |     28 |    150 |   1 |  227.0 |
               +--------+--------+--------+--------+--------+-----+--------+

Top non-repeatable levels by time:
     D:6: 1538 daAuts
     D:2: 1536 daAuts
     D:8: 1292 daAuts
     D:1: 1191 daAuts
     D:5: 1130 daAuts
     D:4: 953 daAuts
     D:7: 916 daAuts
     D:3: 872 daAuts
     D:9: 347 daAuts
   Sewer: 227 daAuts
  Temple: 108 daAuts
    D:10: 35 daAuts
